 Dungeon Crawl Stone Soup version 0.31-a0-774-g0d66cbabe8 (webtiles) character file.

Game seed: 1072594290250614125

469 cforsyth the Trooper (level 7, -7/55 HPs)
             Began as a Djinni Delver on Sept 17, 2023.
             Mangled by a wight
             ... wielding a +0 great sword
              (16 damage)
             ... on level 4 of the Dungeon.
             The game lasted 00:02:53 (1581 turns).

cforsyth the Trooper (Djinni Delver)                Turns: 1581, Time: 00:02:54

Health: -7/55      AC: 11    Str: 13    XL:     7   Next: 31%
Gold:   106        EV:  3    Int: 13    God:
                   SH:  0    Dex: 13

rFire   + + .        s - +6 war axe "Arcanum" {freeze, rN+ Str+2 Dex-2 Stlth+}
rCold   x . .        (no shield)
rNeg    + . .        o - +0 plate armour
rPois   ∞            m - +0 helmet
rElec   .            (no cloak)
rCorr   .            (no gloves)
SInv    .            (boots unavailable)
Will    .....        (no amulet) Stlth
                     (no ring)
HPRegen 0.29/turn    (no ring)
MPRegen 0.00/turn

%: infuse magic (-8 HP)
@: flying
A: sickness immunity, fire resistance 2, cold vulnerability 1, float, innate
caster, HP casting, extra vitality 1
a: no special abilities


You were on level 4 of the Dungeon.
You visited 1 branch of the dungeon, and saw 2 of its levels.

You collected 106 gold pieces.

Inventory:

Hand Weapons
 a - a +0 falchion
 l - a +0 dagger of venom
 s - the +6 war axe "Arcanum" (weapon) {freeze, rN+ Str+2 Dex-2 Stlth+}
   (You found it on level 4 of the Dungeon)

   Str+2:     It affects your strength (+2).
   Dex-2:     It affects your dexterity (-2).
   rN+:       It protects you from negative energy.
   Stlth+:    It makes you more stealthy.
Armour
 b - a +0 leather armour
 m - a +0 helmet (worn)
 o - a +0 plate armour (worn)
Jewellery
 r - a ring of positive energy
Wands
 g - a wand of digging (3)
Scrolls
 c - a scroll of fog
 d - a scroll of revelation
 e - a scroll of fear
 h - a scroll of immolation {unknown}
 i - a scroll of blinking {unknown}
 j - 3 scrolls of amnesia {unknown}
 n - a scroll of teleportation {unknown}
Potions
 f - a potion of haste
 k - a potion of heal wounds {unknown}
 p - 2 potions of curing {unknown}
 q - a potion of cancellation {unknown}


   Skills:
 + Level 5.9 Fighting
 - Level 1.7 Long Blades
 - Level 2.1 Dodging
 - Level 4.1 Stealth
 + Level 3.5 Spellcasting
 + Level 3.5 Conjurations
 + Level 3.5 Hexes
   Level 0.0 Charms
 + Level 3.5 Summonings
 + Level 3.5 Necromancy
 + Level 3.5 Translocations
 + Level 3.5 Transmutations
 + Level 3.5 Fire Magic
 + Level 3.5 Ice Magic
 + Level 3.5 Air Magic
 + Level 3.5 Earth Magic
 + Level 3.5 Poison Magic


You knew the following spells:

 Your Spells              Type           Power      Damage    Failure   Level
a - Apportation           Tloc           22%        N/A       100%        1
b - Wereblood             Tmut           11%        N/A       100%        2
c - Hailstorm             Conj/Ice       11%        3d5       100%        3
Your spell library was empty.


Dungeon Overview and Level Annotations

Branches:
Dungeon (5/15)
 Temple: D:4-7

Altars:
Makhleb
Wu Jian
Zin


Innate Abilities, Weirdness & Mutations

You are immune to sickness and miasma.
You are immune to poison.
Your flesh is very heat resistant. (rF++)
You are vulnerable to cold. (rC-)
You float through the air rather than walking.
You learn spells naturally, not from books.
Your magical power is your life essence.
You have superior vitality. (+4 MHP)


Message History

The wight hits you with a +0 great sword.
You closely miss the wight. The wight barely misses you.
You barely miss the wight. The wight completely misses you.
The wight hits you but does no damage.
You closely miss the wight.
The wight hits you with a +0 great sword!
You hit the wight but do no damage.
The wight hits you with a +0 great sword!
The wight hits you with a +0 great sword.
You are too injured to fight recklessly!
You are too injured to fight recklessly!
You are too injured to fight recklessly!
You are too injured to fight recklessly!
You are too injured to fight recklessly!
You are too injured to fight recklessly!
You are too injured to fight recklessly!
You are too injured to fight recklessly!
You are too injured to fight recklessly!
You are too injured to fight recklessly!
You are too injured to fight recklessly!
You are too injured to fight recklessly!
You are too injured to fight recklessly!
You are too injured to fight recklessly!
You are too injured to fight recklessly!
You closely miss the wight.
The wight hits you with a +0 great sword!
You hit the wight.
The wight is moderately damaged.
The wight hits you with a +0 great sword.
* * * LOW HITPOINT WARNING * * *
The wight barely misses you.
You slash the wight!
The wight is severely damaged.
The wight hits you with a +0 great sword.
* * * LOW HITPOINT WARNING * * *
You closely miss the wight.
The wight is severely damaged.
The wight hits you but does no damage.
The wight hits you with a +0 great sword!
You die...

#.#### #.~# #~~~# #.# #...
#.######.~# . # #~#.###.######
#.....##.~# .#. #~#.#<........
######..~~# #.# #~~.###.###### #
####'~~###...###~~.......... ##
##∩##.†##~##.##~##~.##.###### .#
##._.#.~#~~#.~.#~~#~###....†..
.###..).#)~~~~##z##~~~~.##..#####
..##...##....~#.@.#~.............
..###†###+#..~##.##~.....#..##.##
#..#..# #.#..~~#.#~~.#..........#
##...## #.#.~~##'##~~###.#>....#.
##.## #...~##~~~##~...<......##
#########...~#~~.~~#~............
#.......'...~~~###~~~............
#.#######....### #.....##...#'###
..# ##########.....+....#.#


You could see a wight.

Vanquished Creatures
  Menkaure (D:5)
  A necrophage (D:4)
  A scorpion (D:5)
  An orc priest (D:5)
  A jelly (D:4)
  A hound (D:5)
  An iguana (D:5)
  An orc wizard (D:4)
  A hound skeleton (D:4)
  3 gnolls (D:4)
  2 adders
  A white imp (D:5)
  A worm (D:5)
  A dart slug (D:4)
  2 orcs (D:4)
  A giant cockroach (D:4)
  2 goblins (D:4)
  A hobgoblin (D:4)
  4 ball pythons (D:4)
27 creatures vanquished.

Notes
Turn   | Place    | Note
-------+----------+-------------------------------------------
     0 | D:5      | cforsyth the Djinni Delver began the quest for the Orb.
     0 | D:5      | Reached XP level 1. HP: 20/20 MP: 0/0
     5 | D:5      | Noticed an iguana
     8 | D:5      | Found a glowing silver altar of Zin.
    10 | D:5      | Noticed Menkaure
    14 | D:5      | Killed an iguana
    15 | D:5      | Reached skill level 1 in Spellcasting
    15 | D:5      | Reached skill level 1 in Conjurations
    15 | D:5      | Reached skill level 1 in Hexes
    15 | D:5      | Reached skill level 1 in Summonings
    15 | D:5      | Reached skill level 1 in Necromancy
    15 | D:5      | Reached skill level 1 in Translocations
    15 | D:5      | Reached skill level 1 in Transmutations
    15 | D:5      | Reached skill level 1 in Fire Magic
    15 | D:5      | Reached skill level 1 in Ice Magic
    15 | D:5      | Reached skill level 1 in Air Magic
    15 | D:5      | Reached skill level 1 in Earth Magic
    15 | D:5      | Reached skill level 1 in Poison Magic
    15 | D:5      | Reached XP level 2. HP: 13/25 MP: 0/0
    15 | D:5      | Reached XP level 3. HP: 15/30 MP: 0/0
    15 | D:5      | Learned a level 1 spell: Apportation
    22 | D:5      | Killed Menkaure
    23 | D:5      | Reached skill level 4 in Fighting
    23 | D:5      | Reached XP level 4. HP: 22/38 MP: 0/0
    23 | D:5      | Reached XP level 5. HP: 24/42 MP: 0/0
    23 | D:5      | Learned a level 2 spell: Wereblood
    43 | D:5      | Reached XP level 6. HP: 25/49 MP: 0/0
   169 | D:5      | Reached skill level 5 in Fighting
   314 | D:5      | Noticed an orc warrior
   778 | D:4      | Found an ornate altar of the Wu Jian Council.
  1114 | D:4      | Found a burning altar of Makhleb.
  1156 | D:4      | Reached XP level 7. HP: 26/55 MP: 0/0
  1156 | D:4      | Learned a level 3 spell: Hailstorm
  1394 | D:4      | Identified the +6 war axe "Arcanum" {freeze, rN+ Str+2
                  | Dex-2 Stlth+}
  1581 | D:4      | Mangled by a wight

Illustrated notes

Levels and vault maps discovered:
D:4:      layout_basic, mainiacjoe_overflow_small_starburst,
          makhleb_blood_cavern_becter, serial_curves, eino_curves_01,
          eino_curves_01, minmay_misc_feat_tiny, minmay_manual_mullet
D:5:      layout_basic, kennysheep_mini, lemuel_crystal_altar, uniq_menkaure

Skill      XL: |  1  2  3  4  5  6 |
---------------+-------------------+-----
Spellcasting   | 1 2 3 |  3.5
Conjurations   | 1 2 3 |  3.5
Hexes          | 1 2 3 |  3.5
Summonings     | 1 2 3 |  3.5
Necromancy     | 1 2 3 |  3.5
Translocations | 1 2 3 |  3.5
Transmutations | 1 2 3 |  3.5
Fire Magic     | 1 2 3 |  3.5
Ice Magic      | 1 2 3 |  3.5
Air Magic      | 1 2 3 |  3.5
Earth Magic    | 1 2 3 |  3.5
Poison Magic   | 1 2 3 |  3.5
Fighting       | 4 5 |  5.9
Long Blades    | |  1.7
Dodging        | |  2.1
Stealth        | |  4.1

Action                     |  1- 3 |  4- 6 |  7- 9 || total
---------------------------+-------+-------+-------++-------
  Melee: Falchion          |       |    52 |       ||    52
         Dagger            |       |    53 |    15 ||    68
         Punch             |       |     1 |       ||     1
         War axe           |       |       |    18 ||    18
  Evoke: Wand              |     4 |     2 |       ||     6
   Stab: Sleeping          |       |     2 |       ||     2
         Distracted        |       |     1 |       ||     1
 Armour: Leather armour    |     2 |    39 |       ||    41
         Plate armour      |       |    41 |    31 ||    72
  Dodge: Dodged            |     2 |    40 |     7 ||    49

Table legend: (Time is in decaauts)
 A = Elapsed time spent in this place.
 B = Non-inter-level travel time spent in this place.
 C = Inter-level travel time spent in this place.
 D = Time resting spent in this place.
 E = Time spent auto-exploring this place.
 F = Levels seen in this place.
 G = Mean time per level.
                   A        B        C        D        E       F      G
               +--------+--------+--------+--------+--------+-----+--------+
         Total |   1596 |   1596 |      0 |    130 |   1074 |   2 |  798.0 |
       Dungeon |   1596 |   1596 |      0 |    130 |   1074 |   2 |  798.0 |
               +--------+--------+--------+--------+--------+-----+--------+

Top non-repeatable levels by time:
     D:4: 1066 daAuts
     D:5: 529 daAuts
